 Dungeon Crawl Stone Soup version 0.30-a0-726-gd89dcf765f (webtiles) character file.

Game seed: 4131563293813683897

112 Crownlay the Chiller (level 4, -15/32 HPs)
             Began as a Gnoll Ice Elementalist on Jan 29, 2023.
             Demolished by Pikel
             ... wielding a +2 whip of electrocution
              (16 damage)
             ... on level 5 of the Dungeon.
             The game lasted 00:02:15 (1939 turns).

Crownlay the Chiller (Gnoll Ice Elementalist)       Turns: 1939, Time: 00:02:15

Health: -15/32     AC:  2    Str:  8    XL:     4   Next: 93%
Magic:  11/11      EV: 13    Int: 16    God:
Gold:   119        SH:  0    Dex: 12    Spells: 6/13 levels left

rFire   + . .      SeeInvis .    g - +0 dagger
rCold   + . .      Faith    .    (no shield)
rNeg    . . .      Spirit   .    a - +0 robe
rPois   .          Reflect  .    (no helmet)
rElec   .          Harm     .    k - scarf {rC+ rF+}
rCorr   .          Rampage  .    (no gloves)
Will    .....                    (no boots)
Stlth   +++                      (no amulet)
HPRegen 0.25/turn                (no ring)
MPRegen 0.12/turn                (no ring)

@: freezing walls
A: fangs 1, strong nose, distributed training
a: no special abilities


You were on level 5 of the Dungeon.
You visited 1 branch of the dungeon, and saw 4 of its levels.

You collected 119 gold pieces.

Inventory:

Hand Weapons
 g - a +0 dagger (weapon)
Armour
 a - a +0 robe (worn)
 k - a scarf of resistance (worn)
Scrolls
 d - a scroll of identify {unknown}
 e - a scroll of blinking {unknown}
 f - 2 scrolls of fog
 h - a scroll of magic mapping {unknown}
 i - a scroll of vulnerability {unknown}
 l - 2 scrolls of amnesia {unknown}
 m - a scroll of fear {unknown}
 n - a scroll of torment {unknown}
Potions
 c - a potion of berserk rage {unknown}
 j - a potion of curing
 o - a potion of flight {unknown}
 p - a potion of mutation {unknown}
 q - a potion of invisibility {unknown}


   Skills:
 + Level 1.3 Fighting
 + Level 1.3 Short Blades
 + Level 1.3 Long Blades
 + Level 1.3 Axes
 + Level 1.3 Maces & Flails
 + Level 1.3 Polearms
 + Level 1.3 Staves
 + Level 1.3 Ranged Weapons
 + Level 1.3 Throwing
 + Level 1.3 Armour
 + Level 4.7 Dodging
 + Level 4.3 Stealth
 + Level 1.3 Shields
 + Level 1.3 Unarmed Combat
 + Level 5.1 Spellcasting
 + Level 1.1 Conjurations
 + Level 1.1 Hexes
 + Level 1.1 Summonings
 + Level 1.1 Necromancy
 + Level 1.1 Translocations
 + Level 1.1 Transmutations
 + Level 1.1 Fire Magic
 + Level 7.1 Ice Magic
 + Level 1.1 Air Magic
 + Level 1.1 Earth Magic
 + Level 1.1 Poison Magic
 + Level 1.5 Invocations
 + Level 1.3 Evocations


You had 6 spell levels left.
You knew the following spells:

 Your Spells              Type           Power      Damage    Failure   Level
a - Freeze                Ice            100%       1d10      1%          1
b - Frozen Ramparts       Ice            54%        1d9       2%          3
c - Ozocubu's Armour      Ice            27%        N/A       2%          3

Your spell library contained the following spells:

 Spells                   Type           Power      Damage    Failure   Level
 Magic Dart               Conj           28%        1d4       10%         1
 Searing Ray              Conj           14%        2d5       14%         2
 Summon Ice Beast         Ice/Summ       17%        N/A       26%         4
 Vhi's Electric Charge    Tloc/Air       14%        N/A       28%         3
 Airstrike                Air            3%         2d(1-17)  67%         4
 Fulminant Prism          Conj/Hex       3%         3d5       67%         4
 Summon Lightning Spire   Summ/Air       7%         N/A       67%         4
 Arcjolt                  Conj/Air       3%         1d13      95%         5
 Lightning Bolt           Conj/Air       3%         1d15      95%         5
 Maxwell's Capacitive Co  Air            3%         ∞         100%        8


Dungeon Overview and Level Annotations

Branches:
Dungeon (3/15)

Altars:

Annotations:
D:5 Pikel


Innate Abilities, Weirdness & Mutations

You have very sharp teeth.
Your uncanny sense of smell can sniff out nearby items.
Your experience applies equally to all skills.


Message History

Casting: Frozen Ramparts (dangerous; 2% risk of failure)
Confirm with . or Enter, or press ? or * to list all spells.
Okay, then.
Casting: Frozen Ramparts (dangerous; 2% risk of failure)
Confirm with . or Enter, or press ? or * to list all spells.
Casting: Frozen Ramparts (dangerous; 2% risk of failure)
Press: ? - help, Dir - look around, f - activate The walls around you are covered in ice.
The wall freezes the lemure but does no damage.
The lemure misses you. Magic courses through your body.
The wall freezes the lemure.
The lemure hits you.
* * * LOW HITPOINT WARNING * * *
You barely miss the lemure. You punch the lemure, but do no damage.
The lemure is almost dead.
You feel better.
A lemure comes into view.
The wall freezes Pikel but does no damage.
You closely miss Pikel. Your bite misses Pikel.
The wall freezes the lemure.
You kill the lemure!
That felt strangely unrewarding.
You hit Pikel but do no damage.
The wall freezes the lemure but does no damage.
The wall freezes Pikel.
Pikel barely misses you.
You barely miss Pikel.
Pikel is lightly wounded.
The wall freezes the lemure.
The wall freezes Pikel.
Pikel barely misses you.
You barely miss Pikel.
Pikel is lightly wounded.
The wall freezes Pikel.
Pikel barely misses you.
The wall freezes the lemure.
The lemure shouts!
You hit Pikel but do no damage. You punch Pikel, but do no damage.
Pikel is moderately wounded.
The wall freezes the lemure but does no damage.
The wall freezes Pikel but does no damage.
Pikel hits you with a +2 whip of electrocution!
* * * LOW HITPOINT WARNING * * *
You are electrocuted!
Ouch! That really hurt!
You die...

∆ # # . #. #.
#.##. 5##
..... ..
###.5###.
#...5K@#)####
#....#.#....#
#... #.####.#
#.. #.# #.#
#b #.# #.# ..
#.####.# .
#......#
########


You could see Pikel and 2 lemures.

Vanquished Creatures
  An ogre (D:5)
  2 lemures (D:5)
  A dart slug (D:2)
  An orc (D:2)
  2 bats (D:1)
  An endoplasm (D:1)
  A giant cockroach (D:1)
  A goblin (D:2)
  4 hobgoblins
  7 jackals
  2 ball pythons
  4 kobolds
  3 rats (D:1)
30 creatures vanquished.

Vanquished Creatures (others)
  5 plants (D:2)
5 creatures vanquished.

Grand Total: 35 creatures vanquished

Notes
Turn   | Place    | Note
-------+----------+-------------------------------------------
     0 | D:1      | Crownlay the Gnoll Ice Elementalist began the quest for the
                  | Orb.
     0 | D:1      | Reached XP level 1. HP: 13/13 MP: 6/6
   207 | D:1      | Reached XP level 2. HP: 15/19 MP: 3/7
  1199 | D:2      | Reached skill level 5 in Spellcasting
  1199 | D:2      | Reached XP level 3. HP: 24/25 MP: 5/9
  1203 | D:2      | Learned a level 3 spell: Frozen Ramparts
  1207 | D:2      | Learned a level 3 spell: Ozocubu's Armour
  1743 | D:2      | Found a faded altar of an unknown god.
  1886 | D:3      | You fall into a shaft and drop 2 floors!
  1886 | D:5      | Entered Level 5 of the Dungeon
  1896 | D:5      | Noticed an ogre
  1902 | D:5      | Noticed a lemure
  1903 | D:5      | Killed an ogre
  1904 | D:5      | Reached skill level 1 in Fighting
  1904 | D:5      | Reached skill level 1 in Short Blades
  1904 | D:5      | Reached skill level 1 in Long Blades
  1904 | D:5      | Reached skill level 1 in Axes
  1904 | D:5      | Reached skill level 1 in Maces & Flails
  1904 | D:5      | Reached skill level 1 in Polearms
  1904 | D:5      | Reached skill level 1 in Staves
  1904 | D:5      | Reached skill level 1 in Ranged Weapons
  1904 | D:5      | Reached skill level 1 in Throwing
  1904 | D:5      | Reached skill level 1 in Armour
  1904 | D:5      | Reached skill level 1 in Shields
  1904 | D:5      | Reached skill level 1 in Unarmed Combat
  1904 | D:5      | Reached skill level 1 in Conjurations
  1904 | D:5      | Reached skill level 1 in Hexes
  1904 | D:5      | Reached skill level 1 in Summonings
  1904 | D:5      | Reached skill level 1 in Necromancy
  1904 | D:5      | Reached skill level 1 in Translocations
  1904 | D:5      | Reached skill level 1 in Transmutations
  1904 | D:5      | Reached skill level 1 in Fire Magic
  1904 | D:5      | Reached skill level 1 in Air Magic
  1904 | D:5      | Reached skill level 1 in Earth Magic
  1904 | D:5      | Reached skill level 1 in Poison Magic
  1904 | D:5      | Reached skill level 1 in Invocations
  1904 | D:5      | Reached skill level 1 in Evocations
  1904 | D:5      | Reached XP level 4. HP: 32/32 MP: 3/11
  1918 | D:5      | Noticed a lemure
  1922 | D:5      | Noticed a lemure
  1926 | D:5      | Killed a lemure
  1930 | D:5      | Noticed Pikel
  1934 | D:5      | Noticed a lemure
  1935 | D:5      | Killed a lemure
  1939 | D:5      | HP: 1/32 [Pikel/+2 whip of electrocution (11)]
  1939 | D:5      | Demolished by Pikel

Illustrated notes

Levels and vault maps discovered:
D:1:      dpeg_arrival_houses_and_road, layout_loops_ring
D:2:      layout_basic, shapermc_ecumenical_altar_mp_urbaneastern,
          chequers_big_river, minmay_split_cup_large
D:3:      layout_basic, nicolae_uskayaw_murder_on_the_dancefloor
D:5:      layout_basic, nicolae_overflow_hidden_temple, cheibriados_altar_1,
          xom_butterflies, minmay_temple_entry_statues_pillars,
          minmay_divided_ellipse, uniq_pikel, uniq_duvessa

Skill      XL: |  1  2  3 |
---------------+----------+-----
Spellcasting   | 5 |  5.1
Fighting       | 1 |  1.3
Short Blades   | 1 |  1.3
Long Blades    | 1 |  1.3
Axes           | 1 |  1.3
Maces & Flails | 1 |  1.3
Polearms       | 1 |  1.3
Staves         | 1 |  1.3
Ranged Weapons | 1 |  1.3
Throwing       | 1 |  1.3
Armour         | 1 |  1.3
Shields        | 1 |  1.3
Unarmed Combat | 1 |  1.3
Conjurations   | 1 |  1.1
Hexes          | 1 |  1.1
Summonings     | 1 |  1.1
Necromancy     | 1 |  1.1
Translocations | 1 |  1.1
Transmutations | 1 |  1.1
Fire Magic     | 1 |  1.1
Air Magic      | 1 |  1.1
Earth Magic    | 1 |  1.1
Poison Magic   | 1 |  1.1
Invocations    | 1 |  1.5
Evocations     | 1 |  1.3
Dodging        | |  4.7
Stealth        | |  4.3
Ice Magic      | |  7.1

Action                     |  1- 3 |  4- 6 || total
---------------------------+-------+-------++-------
  Melee: Unarmed           |     2 |       ||     2
         Dagger            |    12 |    15 ||    27
         Punch             |       |     2 ||     2
         Bite              |       |     2 ||     2
   Cast: Freeze            |    27 |       ||    27
         Frozen Ramparts   |     4 |     2 ||     6
         Ozocubu's Armour  |     2 |       ||     2
    Use: Scroll            |     1 |       ||     1
         Potion            |       |     3 ||     3
 Armour: Robe              |     5 |       ||     5
  Dodge: Dodged            |    24 |    10 ||    34

Table legend: (Time is in decaauts)
 A = Elapsed time spent in this place.
 B = Non-inter-level travel time spent in this place.
 C = Inter-level travel time spent in this place.
 D = Time resting spent in this place.
 E = Time spent auto-exploring this place.
 F = Levels seen in this place.
 G = Mean time per level.
                   A        B        C        D        E       F      G
               +--------+--------+--------+--------+--------+-----+--------+
         Total |   1949 |   1887 |     62 |      0 |   1662 |   4 |  487.2 |
       Dungeon |   1949 |   1887 |     62 |      0 |   1662 |   4 |  487.2 |
               +--------+--------+--------+--------+--------+-----+--------+

Top non-repeatable levels by time:
     D:2: 1001 daAuts
     D:1: 891 daAuts
     D:5: 51 daAuts
     D:3: 5 daAuts
